cohdb
Replays
Latest Replays
All Replays
Popular Replays
Top Player Replays
Match Explorer
How It Works
Community
CoH3 Stats
Reddit
Sign in to upload your games and track your stats! →
Sign in with Steam
Match 44012976
Unlisted
Match 44012976
Overview
Messages
Build Orders
End
Selects Advanced Infantry Battlegroup
Construct Barracks
Scout Squad
Riflemen Squad
Riflemen Squad
M1 Mortar Team
Grenade Package
Selects Artillery Observers
Construct Weapon Support Center
Construct Medical Station
Infantry Support Center
Selects Convert to Ranger Squad
Construct Motor Pool
M1 Anti-tank Gun Team
M1919 Machine Gun Team
Advanced Logistics
Engineer Squad
Selects M2A1 105mm Howitzer Emplacement
Riflemen Squad
Selects 155mm Rapid Artillery Barrage
Selects Convert to Ranger Squad
155mm Rapid Artillery Barrage
Ranger Squad
Construct Tank Depot
M1919 Machine Gun Team
155mm Rapid Artillery Barrage
Selects Frontline Medical Station
Selects Infantry Assault
Infantry Assault
Dr TeaBaggins
akGeneral
Easybelgian
Pietka
RhumsteaK
King Raptor
astartes42
Inky
0
0
Comments
sign in to comment!
No comments posted yet!